 Dungeon Crawl Stone Soup version 0.21.1-1-g345015fe64 (webtiles) character file.

116 Kejsarherre the Skirmisher (level 4, -3/35 HPs)
             Began as a Demonspawn Gladiator on May 10, 2018.
             Was an Initiate of Okawaru.
             Slain by an ogre
             ... wielding a +0 giant club
              (14 damage)
             ... on level 3 of the Dungeon.
             The game lasted 00:04:36 (2191 turns).

Kejsarherre the Skirmisher (Demonspawn Gladiator)   Turns: 2191, Time: 00:04:37

Health: -3/35      AC:  5    Str: 14    XL:     4   Next: 69%
Magic:  4/4        EV: 13    Int: 10    God:    Okawaru [......]
Gold:   113        SH:  0    Dex: 19    Spells: 3/3 levels left

rFire    + . .     SeeInvis .   q - +3 flail
rCold    . . .     Gourm    .   (no shield)
rNeg     . . .     Faith    .   j - +0 leather armour (curse)
rPois    .         Spirit   .   c - +0 helmet
rElec    .         Reflect  .   i - +0 cloak
rCorr    .         Harm     .   (no gloves)
MR       .....                  (no boots)
Stlth    +++.......             (no amulet)
HPRegen  0.11/turn              (no ring)
MPRegen  0.09/turn              (no ring)

@: no status effects
A: thin skeletal structure 2, fire resistance 1
a: Renounce Religion


You were on level 3 of the Dungeon.
You worshipped Okawaru.
Okawaru was noncommittal.
You were hungry.

You visited 1 branch of the dungeon, and saw 4 of its levels.

You collected 113 gold pieces.

Inventory:

Hand Weapons
 a - a +0 flail
 p - a +0 dagger
 q - a +3 flail (weapon)
Missiles
 d - 2 throwing nets (quivered)
Armour
 c - a +0 helmet (worn)
 i - a +0 cloak (worn)
 j - a cursed +0 leather armour (worn)
 k - a +0 chain mail
Scrolls
 e - a scroll of magic mapping
 l - a scroll of fog {unknown}
 m - a scroll of fear {unknown}
 n - 4 scrolls of remove curse
 r - a scroll of blinking {unknown}
Potions
 b - 4 potions of curing
 g - a potion of agility {unknown}
 h - a potion of brilliance {unknown}
 o - a potion of heal wounds {unknown}
Comestibles
 f - 6 rations


   Skills:
 - Level 3.5 Fighting
 - Level 2.6 Maces & Flails
 - Level 1.7 Throwing
 - Level 1.4 Armour
 - Level 3.2 Dodging
 + Level 1.5 Stealth


You had 3 spell levels left.
You didn't know any spells.

Dungeon Overview and Level Annotations

Branches:
Dungeon (4/15)
 Temple: D:4-7

Altars:
Makhleb
Okawaru
Ru
Xom

Annotations:
D:3 Neles's ghost, amateur DsGl
D:4 Blork the orc; Mrkan's ghost, amateur GrFi


Innate Abilities, Weirdness & Mutations

You have a moderately thin skeletal structure. (Dex +4, Stealth+)
Your flesh is heat resistant. (rF+)


Message History

The iguana is heavily wounded.
The ogre closely misses you. The iguana bites you!
You hit the iguana.
The iguana is severely wounded.
The ogre misses you.
The iguana bites you but does no damage.
The iguana barely misses you.
You closely miss the iguana.
The iguana is severely wounded.
The ogre barely misses you. The iguana completely misses you.
You closely miss the iguana.
The iguana is severely wounded.
The ogre hits you with a giant club! The iguana barely misses you.
You hit the iguana.
The iguana is almost dead.
The ogre barely misses you. The iguana bites you.
You hit the iguana.
The iguana is almost dead.
The iguana barely misses you. The ogre hits you with a giant club!
You die...

##### ##### #...#
#....
########...#######
#.###
...............l@#
#.#
################O#
#.# ###l### #.###
#.....# #.[.#
#.....############.#
#...............W..#
#.....##############
#.....# #........#
#.......# #.######.#


You could see an ogre, an iguana and a leopard gecko.

Vanquished Creatures
  4 gnolls
  An ooze (D:3)
  An adder zombie (D:2)
  2 dart slugs
  A leopard gecko (D:2)
  3 orcs (D:3)
  5 giant cockroaches
  6 goblins
  10 hobgoblins
  3 jackals (D:2)
  5 kobolds
  A quokka (D:2)
  4 bats
  6 frilled lizards
  11 rats
63 creatures vanquished.

Notes
Turn   | Place    | Note
-------+----------+-------------------------------------------
     0 | D:1      | Kejsarherre the Demonspawn Gladiator began the quest for the Orb.
     0 | D:1      | Reached XP level 1. HP: 16/16 MP: 1/1
    55 | D:1      | Gained mutation: Your flesh is heat resistant. (rF+) [demonic ancestry]
    55 | D:1      | Reached XP level 2. HP: 19/23 MP: 2/2
   168 | D:2      | Reached skill level 1 in Armour
   188 | D:2      | Gained mutation: You have a somewhat thin skeletal structure. (Dex +2, Stealth) [demonic ancestry]
   188 | D:2      | Reached XP level 3. HP: 21/28 MP: 3/3
   200 | D:2      | Found a shimmering altar of Xom.
   502 | D:3      | Found an iron altar of Okawaru.
   510 | D:3      | Became a worshipper of Warmaster Okawaru
   534 | D:3      | Found a sacrificial altar of Ru.
  1331 | D:2      | Gained mutation: You have a moderately thin skeletal structure. (Dex +4, Stealth+) [demonic ancestry]
  1331 | D:2      | Reached XP level 4. HP: 19/35 MP: 4/4
  1526 | D:2      | Found a burning altar of Makhleb.
  1670 | D:2      | Reached skill level 1 in Stealth
  2000 | D:3      | Noticed Neles's ghost (amateur DsGl)
  2122 | D:4      | Noticed Blork the orc
  2122 | D:4      | Noticed an ogre
  2184 | D:4      | Noticed Mrkan's ghost (amateur GrFi)
  2191 | D:3      | Slain by an ogre

Skill      XL: |  1  2  3  4 |
---------------+-------------+-----
Armour         | 1 |  1.4
Dodging        | 3 |  3.2
Fighting       | 3 |  3.5
Stealth        | 1 |  1.5
Maces & Flails | |  2.6
Throwing       | |  1.7

Action                   |  1- 3 |  4- 6 || total
-------------------------+-------+-------++-------
Melee: Flail             |   133 |    65 ||   198
       Dagger            |       |    24 ||    24
Throw: Throwing net      |     1 |       ||     1
  Use: Scroll            |     4 |       ||     4
 Stab: Sleeping          |     1 |     5 ||     6
       Held in net/web   |     1 |       ||     1
  Eat: Chunk             |       |     4 ||     4
Armor: Leather armour    |    48 |    32 ||    80
       Chain mail        |    43 |     2 ||    45
Dodge: Dodged            |   120 |    84 ||   204
